 Dungeon Crawl Stone Soup version 0.32-a0-7-ge934b4519a (webtiles) character file.

Game seed: 2783947367507829573

4 Laraso the Trooper (level 1, 0/19 HPs)
             Began as a Draconian Monk on Jan 13, 2024.
             Slain by a frilled lizard (1 damage)
             ... on level 1 of the Dungeon.
             The game lasted 00:00:24 (79 turns).

Laraso the Trooper (Draconian Monk)                   Turns: 79, Time: 00:00:25

Health: 0/19       AC:  4    Str: 13    XL:     1   Next: 50%
Magic:  1/1        EV: 12    Int: 10    God:
Gold:   0          SH:  0    Dex: 13    Spells: 0/0 levels left

rFire   . . .        a - +0 falchion
rCold   . . .        c - orb {light}
rNeg    . . .        (body armour unavailable)
rPois   .            (helmet restricted)
rElec   .            (no cloak)
rCorr   .            (no gloves)
SInv    .            (no boots)
Will    .....        (no amulet)
Stlth   +            (no ring)
HPRegen 0.23/turn    (no ring)
MPRegen 0.07/turn

%: no passive effects
@: glowing
A: AC +4, unfitting armour, cold-blooded
a: no special abilities


You were on level 1 of the Dungeon.
You visited 1 branch of the dungeon, and saw 1 of its levels.

Inventory:

Hand Weapons
 a - a +0 falchion (weapon)
Armour
 c - an orb of light (worn)
Potions
 b - a potion of ambrosia
 d - a potion of degeneration {unknown}


   Skills:
 - Level 3.4 Fighting
 * Level 3.1 Long Blades
 - Level 2.8 Dodging


You couldn't memorise any spells.
You didn't know any spells.
Your spell library was empty.

Dungeon Overview and Level Annotations

Branches:
Dungeon (1/15)

Altars:

Shops:
D:1 [


Innate Abilities, Weirdness & Mutations

Your plain brown scales are hard. (AC +4)
You cannot fit into any form of body armour.
You are cold-blooded and may be slowed by cold attacks.


Message History

A ball python is nearby!
A ball python is nearby!
A ball python is nearby!
Found a pink potion.
The ball python hisses angrily.
The ball python misses you. The ball python grabs you.
The ball python constricts you. The ball python bites you.
The ball python constricts you.
You are too injured to fight recklessly!
You are too injured to fight recklessly!
You barely miss the ball python. The ball python barely misses you.
The ball python constricts you.
The ball python bites you but does no damage.
The ball python constricts you.
You hit the ball python.
You kill the ball python!
You feel yourself speed up.
You start resting.
HP restored.
Found Zido's Antique Armour Emporium.
d - a pink potion A kobold comes into view.
It is wielding a +1 whip of electrocution.
Found an escape hatch in the floor.
A kobold is nearby!
Okay, then.
A frilled lizard comes into view.
The frilled lizard hisses angrily.
You hit the frilled lizard but do no damage.
The frilled lizard closely misses you.
You barely miss the frilled lizard.
Your tail-slap misses the frilled lizard.
The kobold hits you with a +1 whip of electrocution.
The frilled lizard bites you.
You barely miss the frilled lizard.
The kobold hits you with a +1 whip of electrocution.
You are electrocuted!
Ouch! That really hurt!
* * * LOW HITPOINT WARNING * * *
The frilled lizard bites you.
You die...

### .. #..
##.####.#####.# #
...^..........#
### #...8.lK>.8.#
..####.# #.# ##@#
....##.# #.# #..#
≈....#.# #.###.##
≈≈≈..#.# #.#...#
..≈..#.####...###
P....#.##....##
..≈..#.##.#.##
≈≈≈.........#
≈......######


You could see a kobold and a frilled lizard.

Vanquished Creatures
  2 endoplasms (D:1)
  A ball python (D:1)
  A rat (D:1)
4 creatures vanquished.

Notes
Turn   | Place    | Note
-------+----------+-------------------------------------------
     0 | D:1      | Laraso the Draconian Monk began the quest for the Orb.
     0 | D:1      | Reached XP level 1. HP: 19/19 MP: 1/1
    69 | D:1      | Found Zido's Antique Armour Emporium.
    79 | D:1      | Slain by a frilled lizard

Illustrated notes

Levels and vault maps discovered:
D:1:      mainiacjoe_arrival_oval_in_oval, layout_basic, serial_shops,
          shop_statue

Action                     || total
---------------------------++-------
  Melee: Falchion          ||    13
         Tailslap          ||     1
 Armour: Skin              ||     7
  Dodge: Dodged            ||     6

Table legend: (Time is in decaauts)
 A = Elapsed time spent in this place.
 B = Non-inter-level travel time spent in this place.
 C = Inter-level travel time spent in this place.
 D = Time resting spent in this place.
 E = Time spent auto-exploring this place.
 F = Levels seen in this place.
 G = Mean time per level.
                   A        B        C        D        E       F      G
               +--------+--------+--------+--------+--------+-----+--------+
         Total |     83 |     83 |      0 |     42 |     13 |   1 |   83.0 |
       Dungeon |     83 |     83 |      0 |     42 |     13 |   1 |   83.0 |
               +--------+--------+--------+--------+--------+-----+--------+

Top non-repeatable levels by time:
     D:1: 83 daAuts
